AoeStats
← gangsta rap made me do it

Arena

510174529Analyzed
2v2 RM · 2d ago on Sep 29, 2026· 74m 37s· 4 players
Game mode
Random Map
Map size
Medium (4 player)
Population
200
Speed
Normal
Resources
Standard
Victory
Conquest
Starting age
Dark Age
Ending age
Imperial Age
RankedLock teamsTeams togetherTeam positionsShared explorationLock speedFull tech treeHidden civsTurbo modeCheats
Victory
Defeat
🇹🇷 Teutons · Türkiye
780
+15
🇮🇪 Portuguese · Ireland
741
+15
🇺🇦 Britons · Ukraine
746
-15
🇺🇦 Franks · Ukraine
746
-15
YaLittle-
10:20 Feudal Age
11:02 Horse Collar
11:13 Double-Bit Axe
17:41 Wheelbarrow
18:45 Gold Mining
18:48 Stone Mining
18:52 Loom
21:13 Castle Age
22:17 Heavy Plow
22:30 Bow Saw
24:05 Stone Shaft Mining
26:07 Fortified Wall
30:16 Imperial Age
29:48 Masonry
30:36 Fletching
35:47 Bodkin Arrow
37:04 Chemistry
36:32 Elite Skirmisher
38:50 Siege Engineers
41:54 Two-Man Saw
47:07 Arquebus
60:30 Elite Organ Gun
63:17 Bracer
63:20 Padded Archer Armor
63:33 Forging
metinyus5
12:27 Feudal Age
13:34 Double-Bit Axe
20:54 Castle Age
19:40 Forging
19:32 Padded Archer Armor
23:29 Wheelbarrow
23:25 Bow Saw
24:56 Gold Mining
25:23 Stone Mining
25:52 Horse Collar
27:10 Hand Cart
26:41 Loom
31:09 Pikeman
31:50 Squires
31:35 Arson
32:13 Bloodlines
37:12 Stone Shaft Mining
39:20 Imperial Age
38:40 Town Watch
39:41 Iron Casting
39:07 Scale Mail Armor
39:12 Scale Barding Armor
39:08 Padded Archer Armor
38:58 Fletching
39:09 Elite Skirmisher
39:31 Capped Ram
39:36 Halberdier
40:49 Ballistics
41:29 Chemistry
40:40 Masonry
41:34 Blast Furnace
40:37 Heavy Plow
41:43 Two-Man Saw
41:57 Chain Mail Armor
42:02 Chain Barding Armor
44:18 Crenellations
44:18 Ironclad
44:19 Conscription
43:29 Sappers
44:57 Leather Archer Armor
44:40 Bodkin Arrow
47:26 Crop Rotation
59:15 Ring Archer Armor
59:15 Plate Mail Armor
59:21 Plate Barding Armor
58:45 Heated Shot
59:06 Fortified Wall
59:01 Siege Engineers
70:58 Caravan
gangsta rap made me do it
12:48 Feudal Age
13:04 Man-at-Arms
21:12 Castle Age
19:13 Double-Bit Axe
21:48 Light Cavalry
25:23 Long Swordsman
25:48 Gambesons
26:56 Husbandry
29:20 Bow Saw
29:04 Gold Mining
31:00 Gold Shaft Mining
30:16 Stone Mining
36:16 Scale Barding Armor
36:12 Padded Archer Armor
36:03 Fletching
39:52 Imperial Age
40:31 Elite Throwing Axeman
41:34 Scale Mail Armor
45:52 Two-Handed Swordsman
47:38 Champion
58:53 Chain Mail Armor
58:49 Forging
58:05 Cavalier
68:01 Pikeman
68:41 Squires
68:26 Arson
69:20 Elite Skirmisher
72:53 Halberdier
шавка
11:20 Feudal Age
16:13 Castle Age
14:03 Double-Bit Axe
15:01 Horse Collar
15:22 Stone Mining
21:36 Gold Mining
23:12 Padded Archer Armor
23:02 Fletching
23:15 Padded Archer Armor
23:55 Bow Saw
27:06 Bodkin Arrow
27:26 Leather Archer Armor
26:36 Crossbowman
28:28 Wheelbarrow
27:42 Town Watch
33:20 Imperial Age
32:03 Ballistics
35:32 Bracer
36:02 Ring Archer Armor
41:31 Elite Longbowman
42:51 Heavy Plow
54:23 Cavalier
54:29 Cavalier
Connection lost

Rejoining the realm…

Still unreachable

The connection could not be restored.

Session expired

The server has moved on; the page needs a fresh start.